 Dungeon Crawl Stone Soup version 0.26.1-11-gd32895ea62 (webtiles) character file.

Game seed: 7995684985663858737

184 tardwrangler69 the Poker (level 5, -7/42 HPs)
             Began as a Merfolk Gladiator on Apr 27, 2021.
             Mangled by a gnoll
             ... wielding a +0 mace
              (12 damage)
             ... on level 3 of the Dungeon.
             The game lasted 00:02:26 (3173 turns).

tardwrangler69 the Poker (Merfolk Gladiator)        Turns: 3173, Time: 00:02:26

Health: -7/42      AC:  6    Str: 16    XL:     5   Next: 63%
Magic:  5/5        EV: 13    Int:  7    God:
Gold:   236        SH:  3    Dex: 15    Spells: 4/4 levels left

rFire    . . .     SeeInvis .   a - +0 trident
rCold    . . .     Faith    .   k - +0 buckler
rNeg     . . .     Spirit   .   b - +0 leather armour
rPois    .         Reflect  .   c - +0 helmet
rElec    .         Harm     .   (no cloak)
rCorr    .         Rampage  .   (no gloves)
Will     .....                  n - +1 pair of boots
Stlth    +.........             (no amulet)
HPRegen  0.14/turn              (no ring)
MPRegen  0.09/turn              (no ring)

@: no status effects
A: change form in water, swift swim, stealthy swim
a: no special abilities


You were on level 3 of the Dungeon.
You visited 1 branch of the dungeon, and saw 3 of its levels.

You collected 236 gold pieces.

Inventory:

Hand Weapons
 a - a +0 trident (weapon)
Missiles
 d - 3 throwing nets (quivered)
Armour
 b - a +0 leather armour (worn)
 c - a +0 helmet (worn)
 k - a +0 buckler (worn)
 n - a +1 pair of boots (worn)
Scrolls
 h - 3 scrolls of fog {unknown}
 i - 2 scrolls of identify {unknown}
 l - a scroll of blinking {unknown}
 m - 4 scrolls of random uselessness {unknown}
 o - 2 scrolls of teleportation {unknown}
 q - a scroll of immolation {unknown}
 r - a scroll of enchant weapon {unknown}
Potions
 e - a potion of attraction {unknown}
 f - 3 potions of heal wounds {unknown}
 g - a potion of degeneration {unknown}
 j - 2 potions of curing {unknown}
 p - a potion of haste {unknown}
 s - a potion of cancellation {unknown}


   Skills:
 + Level 3.9 Fighting
 * Level 7.7 Polearms
 - Level 2.0 Throwing
 - Level 4.0 Dodging


You had 4 spell levels left.
You didn't know any spells.
Your spell library was empty.

Dungeon Overview and Level Annotations

Branches:
Dungeon (3/15)

Altars:
Gozag
Nemelex Xobeh
Xom


Message History

You block the gnoll's attack.
You closely miss the gnoll.
The gnoll is moderately wounded.
The gnoll hits you but does no damage.
You hit the gnoll.
The gnoll is heavily wounded.
The gnoll hits you with a +0 mace.
You barely miss the gnoll.
The gnoll is heavily wounded.
You barely miss the gnoll.
The gnoll is heavily wounded.
The gnoll completely misses you.
You hit the gnoll but do no damage.
The gnoll is heavily wounded.
The gnoll hits you with a +0 mace!
* * * LOW HITPOINT WARNING * * *
You closely miss the gnoll.
The gnoll is heavily wounded.
The gnoll hits you with a +0 mace!
You die...

..........# #########.#
..... ..#...#.# ...).
#.#.#.#.# ......
#.#.#.#.# ......
#.#.#.#.########......
#.#.#.#.#.............
#.#(#.........).......
###.#.###.#....)@g......
#.......#.########......
#.#.#..................#
#.#.####.###............
#.#...........###### ###
#+#..###'####.###
............#.#..
......|.....#.#.#
............#.#.#


You could see a gnoll.

Vanquished Creatures
  4 gnolls
  5 adders (D:2)
  An ooze (D:2)
  6 worms
  A dart slug (D:2)
  2 leopard geckos (D:2)
  An orc (D:2)
  A ball python (D:2)
  4 giant cockroaches
  9 goblins
  4 hobgoblins
  3 jackals (D:1)
  A quokka (D:3)
  6 bats
  8 frilled lizards
  13 kobolds
  8 rats
77 creatures vanquished.

Vanquished Creatures (others)
  A plant (D:1)
1 creature vanquished.

Grand Total: 78 creatures vanquished

Notes
Turn   | Place    | Note
-------+----------+-------------------------------------------
     0 | D:1      | tardwrangler69 the Merfolk Gladiator began the quest for
                  | the Orb.
     0 | D:1      | Reached XP level 1. HP: 16/16 MP: 1/1
   155 | D:1      | Reached XP level 2. HP: 23/23 MP: 2/2
   169 | D:1      | Reached skill level 5 in Polearms
   317 | D:1      | Reached XP level 3. HP: 28/28 MP: 3/3
   830 | D:2      | Reached skill level 6 in Polearms
   935 | D:2      | Reached XP level 4. HP: 32/35 MP: 4/4
  1030 | D:2      | Found a sparkling altar of Nemelex Xobeh.
  1472 | D:2      | Found an opulent altar of Gozag.
  1736 | D:2      | Reached skill level 7 in Polearms
  1736 | D:2      | Reached XP level 5. HP: 28/41 MP: 5/5
  2277 | D:2      | Found a shimmering altar of Xom.
  3173 | D:3      | Mangled by a gnoll

Illustrated notes

Levels and vault maps discovered:
D:1:      eino_arrival_water_cross, layout_rooms, serial_bayou_pond_c,
          hangedman_decor_clover_reticule, minmay_liquid_box,
          minmay_split_cup_large
D:2:      layout_basic, nemelex_xobeh_ov_fountains_minmay, tgw_xom,
          nicolae_gozag_seed_capital, nicolae_overflow_hidden_temple,
          chequers_serial_rivers_room_a, minmay_joined_circles
D:3:      layout_basic, minmay_misc_feat_cross

Skill      XL: |  1  2  3  4 |
---------------+-------------+-----
Polearms       | 5 6 7 |  7.7
Fighting       | 3 |  3.9
Throwing       | |  2.0
Dodging        | |  4.0

Action                   |  1- 3 |  4- 6 || total
-------------------------+-------+-------++-------
Melee: Trident           |   101 |   164 ||   265
 Stab: Sleeping          |     2 |     4 ||     6
Armor: Leather armour    |    16 |    29 ||    45
Dodge: Dodged            |    64 |    54 ||   118
Block: Buckler           |       |    10 ||    10
